 Dungeon Crawl Stone Soup version 0.22-a0-448-g1fb7470 (webtiles) character file.

109 Coldfire the Shield-Bearer (level 4, -1/40 HPs)
             Began as a Hill Orc Fighter on June 4, 2018.
             Slain by a leopard gecko (2 damage)
             ... on level 2 of the Dungeon.
             The game lasted 00:25:01 (1510 turns).

Coldfire the Shield-Bearer (Hill Orc Fighter)       Turns: 1510, Time: 00:25:01

Health: -1/40      AC:  7    Str: 19    XL:     4   Next: 90%
Magic:  4/4        EV:  7    Int:  8    God:
Gold:   121        SH: 12    Dex: 12    Spells: 3/3 levels left

rFire    . . .     SeeInvis .   a - +0 flail
rCold    . . .     Gourm    .   c - +0 shield
rNeg     . . .     Faith    .   b - +0 scale mail
rPois    .         Spirit   .   (no helmet)
rElec    .         Reflect  +   (no cloak)
rCorr    .         Harm     .   (no gloves)
MR       .....                  (no boots)
Stlth    ..........             p - +3 amulet of reflection
HPRegen  0.13/turn              q - +2 ring of dexterity
MPRegen  0.09/turn              (no ring)

@: no status effects
A: no striking features
a: no special abilities


You were on level 2 of the Dungeon.
You were hungry.

You visited 1 branch of the dungeon, and saw 2 of its levels.

You collected 121 gold pieces.

Inventory:

Hand Weapons
 a - a +0 flail (weapon)
 h - a +0 short sword
 j - a +0 dagger
 k - a +0 club
 l - a +0 hunting sling
 n - a +2 whip of freezing
Missiles
 g - 13 poisoned needles
 o - 35 stones (quivered)
Armour
 b - a +0 scale mail (worn)
 c - a +0 shield (worn)
Jewellery
 p - a +3 amulet of reflection (around neck)
 q - a +2 ring of dexterity (left hand)
Scrolls
 d - a scroll of enchant weapon {unknown}
 e - a scroll of teleportation
 i - 3 scrolls of fog {unknown}
 m - a scroll of identify {unknown}
Comestibles
 f - 3 rations
 r - a chunk of flesh


   Skills:
 + Level 4.1 Fighting
 * Level 3.3 Maces & Flails
 * Level 3.9 Armour
 + Level 0.6 Dodging
 * Level 4.3 Shields


You had 3 spell levels left.
You didn't know any spells.
Your spell library was empty.

Dungeon Overview and Level Annotations

Branches:
Dungeon (2/15)

Altars:

Annotations:
D:2 Jessica


Message History

The ball python constricts you. You block the leopard gecko's attack.
You barely miss the ball python. You block the ball python's attack.
The ball python constricts you. You block the goblin's attack.
The leopard gecko bites you.
* * * LOW HITPOINT WARNING * * *
The ball python barely misses you.
* * * LOW HITPOINT WARNING * * *
The ball python constricts you. The goblin barely misses you.
You hit the ball python.
You kill the ball python!
You block the leopard gecko's attack. The adder barely misses you.
The leopard gecko barely misses you. The adder barely misses you.
You block the goblin's attack.
You closely miss the goblin. The leopard gecko barely misses you.
The adder barely misses you. You block the goblin's attack.
You block the leopard gecko's attack. The adder bites you but does no damage.
You hit the goblin.
You kill the goblin!
The adder barely misses you. The leopard gecko bites you.
You die...

#.####......#
#.# #.[.. #
.....!...#
#.# ####.
##.......# .#
#. #....####
.# #.
####.... # #.
####..#.## #.
#........ #.
#..S..# ##
#.)@..#
#.l).......
#.......##.
#........#
#.......<#
.........#
...###.#..#
#... ....#


You could see an adder and a leopard gecko.

Vanquished Creatures
  A crimson imp (D:2)
  3 adders (D:2)
  A worm (D:2)
  A dart slug (D:1)
  A bat (D:1)
  2 giant cockroaches (D:2)
  4 goblins
  4 hobgoblins
  4 jackals
  9 kobolds
  4 ball pythons
  2 frilled lizards (D:1)
  4 rats (D:1)
  A plant (D:1)
41 creatures vanquished.

Notes
Turn   | Place    | Note
-------+----------+-------------------------------------------
     0 | D:1      | Coldfire the Hill Orc Fighter began the quest for the Orb.
     0 | D:1      | Reached XP level 1. HP: 19/19 MP: 1/1
   337 | D:1      | Reached XP level 2. HP: 14/27 MP: 2/2
   979 | D:1      | Reached XP level 3. HP: 8/33 MP: 3/3
  1213 | D:2      | Reached XP level 4. HP: 26/40 MP: 4/4
  1483 | D:2      | Noticed Jessica
  1507 | D:2      | HP: 2/40 [leopard gecko (2)]
  1510 | D:2      | Slain by a leopard gecko

Vault maps used:
D:1:      lightli_arrival_windingriver, serial_forest,
          infiniplex_forest_straight_5, infiniplex_forest_join,
          infiniplex_forest_zigzag_1, infiniplex_forest_clump_curved,
          infiniplex_forest_end_1, minivault_26, minmay_crystal_water
D:2:      uniq_jessica

Skill      XL: |  1  2  3 |
---------------+----------+-----
Fighting       | 4 |  4.1
Maces & Flails | 3 |  3.3
Shields        | 4 |  4.3
Armour         | |  3.9
Dodging        | |  0.6

Action                   |  1- 3 |  4- 6 || total
-------------------------+-------+-------++-------
Melee: Flail             |   167 |    38 ||   205
Throw: Stone             |     1 |       ||     1
  Use: Potion            |     3 |       ||     3
       Scroll            |       |     1 ||     1
  Eat: Chunk             |       |     2 ||     2
Armor: Scale mail        |    79 |    32 ||   111
       Skin              |     2 |       ||     2
Dodge: Dodged            |    37 |    20 ||    57
Block: Shield            |    82 |    44 ||   126

Table legend:
 A = Spawn XP
 B = Non-spawn XP
 C = Spawn XP percentage of total XP
 D = Spawn monster count
 E = Non-spawn monster count
 F = Spawn count percentage of total count
 G = Total turns spent on level
                    A         B        C        D         E        F      G
               +---------+---------+-------+---------+---------+-------+---------
         Total |       0 |     157 |   0.0 |       0 |      40 |   0.0 |  1510
               +---------+---------+-------+---------+---------+-------+---------
           D:1 |       0 |      35 |   0.0 |       0 |      20 |   0.0 |  1004
           D:2 |       0 |     122 |   0.0 |       0 |      20 |   0.0 |   506
               +---------+---------+-------+---------+---------+-------+---------
